 Dungeon Crawl Stone Soup version 0.31-a0-1540-g5a0b83f448 (webtiles) character file.

Game seed: 5751878766201712784

10 Ofeo the Cudgeller (level 2, 0/31 HPs)
             Began as an Oni Gladiator on Jan 1, 2024.
             Slain by a goblin
             ... wielding a +0 club
              (3 damage)
             ... on level 1 of the Dungeon.
             The game lasted 00:00:10 (39 turns).

Ofeo the Cudgeller (Oni Gladiator)                    Turns: 39, Time: 00:00:10

Health: 0/31       AC:  3    Str: 17    XL:     2   Next: 20%
Magic:  2/2        EV: 10    Int:  9    God:
Gold:   0          SH:  0    Dex: 10    Spells: 1/1 levels left

rFire   . . .        a - +0 flail
rCold   . . .        (no shield)
rNeg    . . .        b - +0 robe
rPois   .            c - +0 hat
rElec   .            (no cloak)
rCorr   .            (gloves unavailable)
SInv    .            (boots unavailable)
Will    .....        (no amulet)
Stlth   +            (no ring)
HPRegen 0.25/turn    (no ring)
MPRegen 0.08/turn

%: no passive effects
@: no status effects
A: large, unfitting armour, horns 1, tough skin 1, double potion healing,
drunken brawling
a: no special abilities


You were on level 1 of the Dungeon.
You visited 1 branch of the dungeon, and saw 1 of its levels.

Inventory:

Hand Weapons
 a - a +0 flail (weapon)
Missiles
 d - 2 throwing nets (quivered)
 e - a large rock
Armour
 b - a +0 robe (worn)
 c - a +0 hat (worn)


   Skills:
 + Level 3.0 Fighting
 + Level 3.1 Maces & Flails
 + Level 2.2 Throwing
 + Level 2.8 Dodging


You had one spell level left.
You didn't know any spells.
Your spell library was empty.

Dungeon Overview and Level Annotations

Branches:
Dungeon (1/15)

Altars:


Innate Abilities, Weirdness & Mutations

You are too large for most types of armour.
You have a pair of small horns on your head.
You have tough skin. (AC +1)
You gain doubled healing and magic from potions.
Whenever you drink a healing potion, you attack all around you.


Message History

You are too injured to fight recklessly!
You are too injured to fight recklessly!
You are too injured to fight recklessly!
You are too injured to fight recklessly!
You are too injured to fight recklessly!
You are too injured to fight recklessly!
You are too injured to fight recklessly!
You are too injured to fight recklessly!
You are too injured to fight recklessly!
You are too injured to fight recklessly!
You are too injured to fight recklessly!
You are too injured to fight recklessly!
You are too injured to fight recklessly!
You closely miss the gnoll. The gnoll closely misses you.
The gnoll hits you with a +0 flail.
* * * LOW HITPOINT WARNING * * *
You take 6 damage, and have 4/22 hp.
MASSIVE DAMAGE!!
You aren't carrying any potions.
Throw: 3 throwing nets
Press: ? - help, Q - select action, (/) - cycle Shift-Dir - straight line, f - gnoll
Aim: a gnoll, wielding a +0 flail (58% to hit)
You throw a throwing net. The throwing net hits the gnoll.
The gnoll is caught in the net!
The gnoll struggles against the net.
You hit the gnoll.
The gnoll is heavily wounded.
The goblin hits you with a +0 club.
* * * LOW HITPOINT WARNING * * *
The gnoll struggles against the net.
You take 2 damage, and have 2/22 hp.
You thump the gnoll!
You kill the gnoll!
The goblin closely misses you.
Your Fighting skill increases to level 3!
You have reached level 2!
MP restored: 2 You hit the goblin.
The goblin is severely wounded.
The goblin hits you with a +0 club.
You die...

#.#.##.# .#
#.#....# .#
##......# .#
###.....#.# .#
.....#...#.#####.#
####...#.#.......#
##.........#.##
####.######g# ##.#
#@# #..# #)#
##''## #.#
##8..8## #.#
###..### ..#
#<'..+รท# #.#
###..### #.#
#8....8# #.#
###..###


You could see a goblin.

Vanquished Creatures
  A gnoll (D:1)
  An endoplasm (D:1)
2 creatures vanquished.

Notes
Turn   | Place    | Note
-------+----------+-------------------------------------------
     0 | D:1      | Ofeo the Oni Gladiator began the quest for the Orb.
     0 | D:1      | Reached XP level 1. HP: 22/22 MP: 1/1
    39 | D:1      | Reached XP level 2. HP: 3/31 MP: 2/2
    39 | D:1      | Slain by a goblin

Illustrated notes

Levels and vault maps discovered:
D:1:      wander_arrival_abandoned_jail, layout_loops_ring, serial_shops, shop,
          shapermc_ecumenical_altar_flowoftime, serial_bayou_lake_a

Skill      XL: |  1 |
---------------+----+-----
Fighting       | 3 |  3.0
Maces & Flails | |  3.1
Throwing       | |  2.2
Dodging        | |  2.8

Action                     || total
---------------------------++-------
  Melee: Flail             ||     7
  Throw: Throwing net      ||     1
 Armour: Robe              ||     5
  Dodge: Dodged            ||     2

Table legend: (Time is in decaauts)
 A = Elapsed time spent in this place.
 B = Non-inter-level travel time spent in this place.
 C = Inter-level travel time spent in this place.
 D = Time resting spent in this place.
 E = Time spent auto-exploring this place.
 F = Levels seen in this place.
 G = Mean time per level.
                   A        B        C        D        E       F      G
               +--------+--------+--------+--------+--------+-----+--------+
         Total |     40 |     40 |      0 |      0 |     23 |   1 |   40.0 |
       Dungeon |     40 |     40 |      0 |      0 |     23 |   1 |   40.0 |
               +--------+--------+--------+--------+--------+-----+--------+

Top non-repeatable levels by time:
     D:1: 40 daAuts
